Map: Pylon LE

Players

BigDaddyPlay

  • Race: Terran Terran
  • Spawn Location: 5:00

K.I.-1 (Sehr leicht) - Winner!

  • Race: Zerg Zerg
  • Spawn Location: 11:00

VOD

Have the link to the VOD?

Description

Time

  • Played on: July 25, 2025, 5:19 a.m.
  • Length: 7:48
Show
View Real Time Build Order
Export as new Build Order

BigDaddyPlay Terran 

Build Orders:  

Get SALT Encoding   

  12  0:00  SCV  
  13  0:12  SCV  
  14  0:16  Supply Depot  
  14  0:24  SCV  
  15  0:38  SCV  
  15  0:40  Barracks  
  16  0:43  Refinery  
  16  0:50  SCV  
  17  1:02  SCV  
  18  1:11  Barracks  
  18  1:14  SCV  
  19  1:23  Refinery  
  19  1:29  Orbital Command  
  19  1:30  Reaper  
  20  1:38  Supply Depot  
  20  1:55  SCV  
  20  1:58  Reaper  
  22  2:02  Reaper  
  22  2:07  SCV  
  24  2:16  Factory  
  24  2:19  SCV  
  25  2:30  Reaper  
  25  2:31  SCV  
  25  2:35  Reaper  
  28  2:38  Supply Depot  
  28  2:43  SCV  
  29  2:51  Command Center  
  29  2:55  SCV  
  30  3:02  Reaper  
  31  3:07  Hellion, Reaper  
  31  3:09  SCV  
  35  3:22  SCV  
  35  3:25  Starport  
  36  3:28  Supply Depot  
  36  3:29  Factory Tech Lab  
  36  3:35  Barracks Reactor  
  36  3:37  SCV  
  36  3:39  Barracks Tech Lab  
  37  3:49  SCV  
  37  3:50  Cyclone  
  41  4:00  Marine  
  41  4:02  Starport Reactor  
  42  4:04  Orbital Command  
  42  4:05  SCV  
  42  4:09  Refinery  
  43  4:11  Marine  
  43  4:12  Marine  
  43  4:14  Stimpack  
  45  4:17  SCV  
  45  4:22  Marauder  
  48  4:29  SCV x2  
  50  4:39  Command Center  
  50  4:43  Medivac  
  50  4:45  Marine x2  
  54  4:47  SCV  
  54  4:49  SCV  
  56  4:55  Supply Depot  
  56  4:59  SCV  
  57  5:00  Marauder  
  57  5:01  Medivac  
  57  5:04  Marine  
  62  5:17  SCV x2, Marine  
  62  5:18  Supply Depot  
  62  5:21  Barracks, Marauder  
  65  5:24  Marine  
  68  5:29  SCV x2  
  68  5:33  Engineering Bay  
  70  5:40  Marine  
  70  5:42  Marine, SCV  
  73  5:43  Marauder  
  73  5:44  SCV  
  73  5:45  Supply Depot  
  73  5:47  Medivac  
  78  5:52  Orbital Command  
  78  5:54  SCV  
  78  5:56  SCV  
  80  5:57  Marine  
  80  5:58  Combat Shield  
  80  6:00  Marine  
  82  6:05  Marauder  
  82  6:08  SCV  
  85  6:13  SCV  
  85  6:14  Supply Depot, Orbital Command  
  85  6:17  Medivac  
  88  6:20  Factory Tech Lab, SCV  
  88  6:24  Marine  
  88  6:25  Marine  
  91  6:27  SCV  
  91  6:32  Barracks Reactor  
  92  6:35  Marine  
  92  6:39  Barracks, SCV  
  94  6:41  Barracks  
  94  6:42  Marine x2  
  94  6:44  SCV x2  
  98  6:48  Refinery  
  98  6:50  Armory  
  98  6:51  Engineering Bay, SCV  
  98  6:53  Marine  
  100  6:55  Siege Tank  
  100  6:56  SCV  
  100  6:59  Medivac, SCV  
  100  7:00  Marine  
  108  7:02  Marine  
  109  7:13  Supply Depot  
  109  7:14  Supply Depot  
  109  7:25  Supply Depot  
  109  7:28  Barracks Reactor x2  
  109  7:34  Command Center, SCV x3  
  109  7:36  Supply Depot  
  117  7:40  Supply Depot  
Show
View Real Time Build Order
Export as new Build Order

K.I.-1 (Sehr leicht) Zerg - Winner!

Build Orders: Pool First 

Get SALT Encoding   

  12  0:01  Drone  
  13  0:12  Overlord  
  13  0:16  Drone  
  14  0:34  Spawning Pool  
  13  0:37  Drone  
  13  0:41  Extractor  
  13  0:44  Drone  
  14  0:51  Overlord  
  14  1:21  Zergling x2  
  14  1:23  Queen  
  17  1:31  Roach Warren  
  16  1:34  Drone  
  16  1:39  Extractor  
  16  1:43  Drone  
  17  1:50  Zergling x2  
  18  2:02  Drone  
  19  2:09  Drone  
  20  2:17  Drone  
  20  2:20  Zergling x2  
  22  2:27  Overlord  
  22  2:31  Drone  
  23  2:38  Drone  
  24  2:45  Drone  
  24  2:49  Roach  
  27  6:27  Zergling x2  
  27  7:35  Drone  
  30  7:42  Hatchery  
Tags
 
Matchup
TvZ
Opening
Pool First
Spawn Locations
Cross Positions
Add a new tag
Caveats
  • Supply blocks, unpowered buildings, or Contaminate may cause inaccurate times.
  • Supply counts are checked every 10 seconds.